 Dungeon Crawl Stone Soup version 0.29-a0-284-gf9362112df (webtiles) character file.

Game seed: 1096156264954507847

2846 nickcage the Basher (level 9, -2/71 HPs)
             Began as a Minotaur Abyssal Knight on Mar 28, 2022.
             Was an Elder of Lugonu.
             Succumbed to barbed spike wounds
             ... on level 8 of the Dungeon.
             The game lasted 00:18:12 (9423 turns).

nickcage the Basher (Minotaur Abyssal Knight)       Turns: 9423, Time: 00:18:13

Health: -2/71      AC: 14    Str: 23    XL:     9   Next: 46%
Magic:  0/3        EV:  6    Int:  7    God:    Lugonu [****..]
Gold:   270        SH:  7    Dex: 17    Spells: 8/8 levels left

rFire   . . .      SeeInvis .   e - +8 mace "Tuosmos" {antimagic, Fragile rN+ rCorr Dex+7}
rCold   . . .      Faith    .   r - +0 kite shield
rNeg    + . .      Spirit   +   d - +1 chain mail
rPois   .          Reflect  .   (helmet restricted)
rElec   .          Harm     .   F - +2 cloak {Will+}
rCorr   +          Rampage  .   z - +0 pair of gloves
Will    ++...                   (no boots)
Stlth   ..........              p - amulet of guardian spirit
HPRegen 0.21/turn               n - ring of willpower
MPRegen 0.08/turn               (no ring)

@: spiked
A: horns 2, retaliatory headbutt
a: Renounce Religion, Depart the Abyss, Bend Space, Banish, Corrupt


You were on level 8 of the Dungeon.
You worshipped Lugonu.
Lugonu was greatly pleased with you.
You visited 2 branches of the dungeon, and saw 9 of its levels.
You visited the Abyss 1 time.

You collected 270 gold pieces.

Inventory:

Hand Weapons
 a - a +2 falchion
 e - the +8 mace "Tuosmos" (weapon) {antimagic, Fragile rN+ rCorr Dex+7}
   (You found it on level 2 of the Dungeon)

   It reduces the magical energy of the wielder, and disrupts the spells and
   magical abilities of those it strikes.
   Natural abilities and divine invocations are not affected.
   Dex:       It affects your dexterity (+7).
   rN:        It protects you from negative energy.
   rCorr:     It protects you from acid and corrosion.
   Fragile:   It will be destroyed if unequipped.
Missiles
 A - 3 curare-tipped darts (quivered)
Armour
 d - a +1 chain mail (worn)
 r - a +0 kite shield (worn)
 u - a scarf of invisibility
 z - a +0 pair of gloves (worn)
 F - a +2 cloak of willpower (worn)
Jewellery
 n - a ring of willpower (left hand)
 p - an amulet of guardian spirit (around neck)
 q - an amulet of magic regeneration
 y - a ring of poison resistance
 I - a ring of magical power
 J - a ring of ice
Wands
 B - a wand of iceblast (7)
 D - a wand of acid (5)
Scrolls
 b - a scroll of enchant armour
 h - a scroll of magic mapping
 i - 2 scrolls of enchant weapon
 o - a scroll of summoning {unknown}
 t - 6 scrolls of identify
 v - a scroll of fog {unknown}
 w - a scroll of teleportation
 E - a scroll of noise {unknown}
 H - a scroll of vulnerability {unknown}
Potions
 c - 2 potions of berserk rage {unknown}
 f - 3 potions of curing
 g - 2 potions of degeneration
 j - a potion of ambrosia
 k - 4 potions of heal wounds {unknown}
 l - a potion of magic {unknown}
 m - 4 potions of attraction {unknown}
 s - a potion of mutation {unknown}
 G - a potion of might {unknown}


   Skills:
 + Level 4.3 Fighting
 - Level 3.9 Long Blades
 - Level 14.5 Maces & Flails
 - Level 1.0 Throwing
 + Level 3.3 Armour
 - Level 1.1 Dodging
 - Level 1.7 Invocations


You had 8 spell levels left.
You didn't know any spells.
Your spell library contained the following spells:

 Spells                   Type           Power      Damage    Failure   Level
 Sandblast                Erth           0%         2d4       100%        1
 Slow                     Hex            0%         N/A       100%        1
 Corpse Rot               Necr/Air       0%         N/A       100%        2
 Passwall                 Tmut/Erth      0%         N/A       100%        2
 Poisonous Vapours        Pois/Air       0%         N/A       100%        2
 Confusing Touch          Hex            0%         N/A       100%        3
 Stone Arrow              Conj/Erth      0%         3d7       100%        3
 Vampiric Draining        Necr           0%         2d6       100%        3


Dungeon Overview and Level Annotations

Branches:
Dungeon (8/15)             Temple (1/1) D:4
   Lair: D:8-11

Altars:
Ashenzari
Cheibriados
Dithmenos
Elyvilon
Hepliaklqana
Kikubaaqudgha
Makhleb
Okawaru
Qazlal
Ru
Sif Muna
Trog
Vehumet
Xom
Yredelemnul
Zin

Shops:
D:1 (   D:7 (


Innate Abilities, Weirdness & Mutations

You have a pair of horns on your head.
You reflexively headbutt those who attack you in melee.


Message History

The barbed spikes become lodged in your body.
The manticore flicks its tail.
You block the volley of spikes.
The manticore flicks its tail.
The volley of spikes hits you!
The barbed spikes become lodged in your body.
The barbs in your skin will harm you if you move.
Continue?
The barbed spikes dig painfully into your body as you move.
The manticore flicks its tail.
The volley of spikes hits you!
The barbed spikes become lodged in your body.
Found a spear.
The barbed spikes dig painfully into your body as you move.
The manticore bites you!
* * * LOW HITPOINT WARNING * * *
The manticore barely misses you. The manticore claws you.
* * * LOW HITPOINT WARNING * * *
You closely miss the manticore. Your headbutt misses the manticore.
The manticore bites you.
* * * LOW HITPOINT WARNING * * *
The manticore claws you but does no damage.
You block the manticore's attack.
You hit the manticore.
The manticore is lightly wounded.
You block the manticore's attack.
The manticore claws you but does no damage. x2
You hit the manticore.
The manticore is lightly wounded.
The manticore barely misses you. The manticore claws you!
* * * LOW HITPOINT WARNING * * *
The manticore claws you but does no damage.
You feel better. You block the manticore's attack. The manticore claws you!
* * * LOW HITPOINT WARNING * * *
The manticore claws you.
* * * LOW HITPOINT WARNING * * *
Blink to where?
Press: ? - help, Dir - move target
As you read the scroll of blinking, it crumbles to dust.
The barbed spikes dig painfully into your body as you move.
You die...

#.....H...# ##.....
#.........## #......
#..........# #......
#..........# #......
#..........# #......
#..........# #......
#..........# #......
###..........# #.####.
#...##@#...#.# #.# #.
#...##.#.###.# #.# #.
#...##.......# #.# #.
####...####.########.# #.
#..'......#<.........# #.
#.##...##.#.#..#..........
#.#######.#.#..#.#########
#.# #....#.#.....#.......
#[# #.####.##.####.######


There were no monsters in sight!

Vanquished Creatures
  A wraith (D:5)
  A wyvern (D:8)
  2 water moccasins
  An ice beast (D:6)
  3 ogres
  A black bear (D:7)
  A centaur (D:6)
  A phantom (D:5)
  A kobold brigand (D:7)
  3 bullfrogs (D:6)
  2 scorpions
  8 wights (D:7)
  6 killer bees (D:7)
  A jelly (D:5)
  3 hounds
  2 orc priests
  Crazy Yiuf (D:7)
  Jessica (D:2)
  5 iguanas
  2 orc wizards
  11 gnolls
  8 adders
  3 shadow imps
  2 ufetubi (D:5)
  A worm (D:4)
  3 dart slugs
  16 orcs
  4 ball pythons
  5 endoplasms
  6 goblins
  7 hobgoblins
  8 kobolds
  5 quokkas
  3 bats (D:3)
  A frilled lizard (D:1)
  3 rats
132 creatures vanquished.

Notes
Turn   | Place    | Note
-------+----------+-------------------------------------------
     0 | Abyss:1  | nickcage the Minotaur Abyssal Knight began the quest for
                  | the Orb.
     0 | Abyss:1  | Reached XP level 1. HP: 19/19 MP: 1/1
     6 | D:1      | Escaped the Abyss
    24 | D:1      | Noticed an electric eel
    25 | D:1      | Noticed an electric eel
   101 | D:1      | You fall into a shaft and drop 1 floor!
   143 | D:2      | Reached ** piety under Lugonu
   166 | D:2      | Reached XP level 2. HP: 26/26 MP: 2/2
   209 | D:2      | Identified the +8 mace "Tuosmos" {antimagic, Fragile rN+
                  | rCorr Dex+7}
   303 | D:1      | Found Virirghost's Antique Weapon Shoppe.
   652 | D:1      | Reached XP level 3. HP: 33/33 MP: 1/3
   775 | D:2      | Reached skill level 1 in Maces & Flails
   914 | D:2      | Noticed Jessica
   921 | D:2      | Killed Jessica
   922 | D:2      | Reached skill level 2 in Maces & Flails
  1068 | D:2      | Reached XP level 4. HP: 35/40 MP: 1/4
  1685 | D:2      | Reached skill level 3 in Maces & Flails
  2921 | D:3      | Found a bloodstained altar of Trog.
  3054 | D:4      | Noticed a scorpion
  3062 | D:4      | Killed a scorpion
  3063 | D:4      | Reached skill level 4 in Maces & Flails
  3063 | D:4      | Reached XP level 5. HP: 42/46 MP: 1/5
  3113 | D:4      | Found a staircase to the Ecumenical Temple.
  3123 | Temple   | Entered the Ecumenical Temple
  3488 | D:4      | Reached skill level 5 in Maces & Flails
  3644 | D:4      | Noticed an ogre
  3650 | D:4      | Killed an ogre
  3651 | D:4      | Reached skill level 6 in Maces & Flails
  3651 | D:4      | Reached XP level 6. HP: 25/52 MP: 2/6
  4028 | D:5      | Entered Level 5 of the Dungeon
  4249 | D:5      | Reached skill level 7 in Maces & Flails
  4280 | D:5      | Noticed a wraith
  4293 | D:5      | Killed a wraith
  4293 | D:5      | Reached *** piety under Lugonu
  4294 | D:5      | Reached XP level 7. HP: 42/59 MP: 2/7
  4376 | D:5      | Reached skill level 8 in Maces & Flails
  4871 | D:5      | Reached skill level 9 in Maces & Flails
  5455 | D:6      | Reached skill level 10 in Maces & Flails
  5828 | D:6      | Reached XP level 8. HP: 66/66 MP: 2/8
  5836 | D:6      | Reached skill level 1 in Throwing
  6050 | D:5      | Reached skill level 11 in Maces & Flails
  6517 | D:6      | Reached skill level 12 in Maces & Flails
  7534 | D:7      | Reached **** piety under Lugonu
  7538 | D:7      | Reached skill level 13 in Maces & Flails
  7686 | D:7      | Found Zioxuij's Weapon Shoppe.
  7737 | D:7      | Reached XP level 9. HP: 65/71 MP: 3/9
  8115 | D:7      | Reached skill level 14 in Maces & Flails
  8318 | D:7      | Found a runed translucent door.
  8319 | D:7      | Noticed Crazy Yiuf
  8325 | D:7      | Killed Crazy Yiuf
  8435 | D:7      | Found a shadowy altar of Dithmenos.
  8526 | D:7      | Found a shimmering altar of Xom.
  9169 | D:8      | Noticed a four-headed hydra
  9407 | D:8      | Noticed a manticore
  9421 | D:8      | HP: 3/71 [manticore (2)]
  9423 | D:8      | Succumbed to barbed spike wounds

Illustrated notes

Levels and vault maps discovered:
D:1:      arrival_aquarium_b, layout_basic, serial_shops, nicolae_square_shop
D:2:      layout_basic, uniq_jessica
D:3:      layout_basic, mainiacjoe_overflow_alcove_2
D:4:      layout_basic, minmay_temple_entry_large_hall,
          nicolae_figureground_sparkle
D:5:      layout_basic
D:6:      layout_layer_cave, minmay_hedge_maze
D:7:      layout_rooms, lemuel_doored_altar, marbit_many_paths, serial_shops,
          kennysheep_little_box, uniq_crazy_yiuf_cottage
D:8:      layout_basic
Temple:   cyrus_circular_temple

Skill      XL: |  1  2  3  4  5  6  7  8  9 |
---------------+----------------------------+-----
Long Blades    | 3 |  3.9
Fighting       | 4 |  4.3
Maces & Flails | 2 4 6 7 10 13 14 | 14.5
Throwing       | 1 |  1.0
Armour         | 3 |  3.3
Dodging        | |  1.1
Invocations    | |  1.7

Action                   |  1- 3 |  4- 6 |  7- 9 || total
-------------------------+-------+-------+-------++-------
Melee: Falchion          |    17 |       |       ||    17
       Headbutt          |     7 |     6 |    31 ||    44
       Punch             |     1 |     2 |     3 ||     6
       Mace              |    27 |    74 |   176 ||   277
Throw: Dart              |       |     7 |     5 ||    12
       Throwing net      |       |       |     1 ||     1
Invok: Depart the Abyss  |     1 |       |       ||     1
  Use: Scroll            |       |     8 |     2 ||    10
       Potion            |       |       |     1 ||     1
Armor: Leather armour    |     4 |       |       ||     4
       Chain mail        |     8 |    38 |    79 ||   125
Dodge: Dodged            |    15 |    20 |    75 ||   110
Block: Kite shield       |       |       |     9 ||     9

Table legend: (Time is in decaauts)
 A = Elapsed time spent in this place.
 B = Non-inter-level travel time spent in this place.
 C = Inter-level travel time spent in this place.
 D = Time resting spent in this place.
 E = Time spent auto-exploring this place.
 F = Levels seen in this place.
 G = Mean time per level.
                   A        B        C        D        E       F      G
               +--------+--------+--------+--------+--------+-----+--------+
         Total |   9433 |   9236 |    197 |   1136 |   7051 |  10 |  943.3 |
       Dungeon |   9376 |   9188 |    188 |   1136 |   7023 |   8 | 1172.0 |
        Temple |     50 |     41 |      9 |      0 |     23 |   1 |   50.0 |
         Abyss |      6 |      6 |      0 |      0 |      5 |   1 |    6.0 |
               +--------+--------+--------+--------+--------+-----+--------+

Top non-repeatable levels by time:
     D:6: 1861 daAuts
     D:5: 1749 daAuts
     D:2: 1342 daAuts
     D:3: 1128 daAuts
     D:7: 1097 daAuts
     D:4: 926 daAuts
     D:8: 675 daAuts
     D:1: 595 daAuts
  Temple: 50 daAuts
 Abyss:1: 6 daAuts
